 Dungeon Crawl Stone Soup version 0.29-a0-997-gf6f7e2dfe7 (webtiles) character file.

Game seed: 4043388039275471526

5945 vurker the Grappler (level 10, -28/100 HPs)
             Began as a Troll Enchanter on Aug 4, 2022.
             Was a Follower of Ru.
             Annihilated by a two-headed ogre
             ... wielding a +0 giant spiked club
              (37 damage)
             ... on level 9 of the Dungeon.
             The game lasted 00:14:00 (7021 turns).

vurker the Grappler (Troll Enchanter)               Turns: 7021, Time: 00:14:01

Health: -28/100    AC:  6    Str: 22    XL:     10   Next: 54%
Magic:  10/10      EV:  9    Int: 11    God:    Ru [*.....]
Gold:   542        SH:  0    Dex: 10    Spells: 11/11 levels left

rFire   . . .      SeeInvis +     - Unarmed
rCold   + . .      Faith    .   (no shield)
rNeg    . . .      Spirit   .   j - +2 robe {rC+}
rPois   +          Reflect  .   (helmet restricted)
rElec   .          Harm     .   (no cloak)
rCorr   .          Rampage  .   (gloves unavailable)
Will    .....                   (boots unavailable)
Stlth   ++........              (no amulet)
HPRegen 1.06/turn               p - ring of poison resistance
MPRegen 0.12/turn               b - ring of see invisible

@: extremely horrified, hasted, very quick
A: large, unfitting armour, claws 3, regeneration 1, shaggy fur 1, tough skin 1,
cowardly
a: Renounce Religion


You were on level 9 of the Dungeon.
You worshipped Ru.
Ru was aware of your devotion.
You visited 2 branches of the dungeon, and saw 10 of its levels.
You also visited: Sewer.

You collected 542 gold pieces.

Inventory:

Missiles
 o - 16 poisoned darts (quivered)
 v - 3 silver javelins
Armour
 j - a +2 robe of cold resistance (worn)
   (You took it off Pikel on level 6 of the Dungeon)
Jewellery
 b - a ring of see invisible (right claw)
   (You found it on level 6 of the Dungeon)
 i - a ring of resist corrosion
   (You found it on level 7 of the Dungeon)
 p - a ring of poison resistance (left claw)
   (You took it off a kobold on level 3 of the Dungeon)
Wands
 t - a wand of flame (6)
   (You found it on level 9 of the Dungeon)
Scrolls
 e - 3 scrolls of enchant armour
 h - 4 scrolls of teleportation
 k - a scroll of enchant weapon
 n - a scroll of vulnerability {unknown}
 r - 3 scrolls of fear
 w - 4 scrolls of magic mapping
 x - a scroll of identify
Potions
 a - 5 potions of haste
 c - 2 potions of invisibility
 d - 2 potions of might
 f - a potion of lignification
 g - 5 potions of mutation {unknown}
 l - 6 potions of curing
 m - 4 potions of cancellation
 q - 2 potions of flight
 s - a potion of magic {unknown}
 y - 2 potions of berserk rage {unknown}


   Skills:
 + Level 6.7 Fighting
 - Level 0.7 Short Blades
 + Level 6.6 Throwing
 - Level 1.5 Dodging
 - Level 1.5 Stealth
 * Level 11.5 Unarmed Combat
 - Level 1.2 Spellcasting
 - Level 2.0 Hexes


You had 11 spell levels left.
You didn't know any spells.
Your spell library contained the following spells:

 Spells                   Type           Power      Damage    Failure   Level
 Beastly Appendage        Tmut           0%         N/A       32%         1
 Necrotise                Necr           0%         1d4       32%         1
 Ensorcelled Hibernation  Hex/Ice        2%         N/A       32%         2
 Confusing Touch          Hex            3%         N/A       38%         3
 Tukima's Dance           Hex            3%         N/A       38%         3
 Wereblood                Tmut           0%         N/A       43%         2
 Dazzling Flash           Conj/Hex       2%         N/A       54%         3
 Spider Form              Tmut/Pois      0%         N/A       67%         3
 Vampiric Draining        Necr           0%         2d6       67%         3
 Agony                    Necr           0%         N/A       100%        5
 Fireball                 Conj/Fire      0%         3d3       100%        5
 Iskenderun's Battlesphe  Conj           0%         2d6       100%        5
 Conjure Ball Lightning   Conj/Air       0%         3x3d6     100%        6
 Orb of Destruction       Conj           0%         9d5       100%        7


Dungeon Overview and Level Annotations

Branches:
Dungeon (9/15)             Temple (1/1) D:6             Orc (0/2) D:9
  Sewer (visited)
   Lair: D:8-11

Altars:
Ashenzari
Cheibriados
Fedhas
Nemelex Xobeh
Okawaru
Qazlal
Ru
Uskayaw
Wu Jian
Xom

Shops:
D:3 [   D:4 *(=


Innate Abilities, Weirdness & Mutations

You are too large for most types of armour.
You have claws for hands.
Your natural rate of healing is unusually fast.
You are covered in fur. (AC +1)
You have tough skin. (AC +1)
Your cowardice makes you less effective in combat with threatening foes.


Message History

You scratch the kobold.
You kill the kobold!
You hear a shout!
You hear an angry hiss.
You hear a shout!
The kobold brigand throws a poisoned dart.
The poisoned dart barely misses you.
The kobold brigand hits you with a +0 whip.
There is an open door here.
Items here: ( )) †.
You mangle the kobold brigand!!
You hear an angry hiss.
The kobold brigand hits you with a +0 whip.
A two-headed ogre comes into view.
It is wielding a +0 giant spiked club and a +0 giant club.
You reel with horror at the sight of these foes!
You scratch the kobold brigand but do no damage.
You claw the kobold brigand!
You kill the kobold brigand!
A wyvern comes into view.
You claw the two-headed ogre! The two-headed ogre closely misses you.
The two-headed ogre hits you with a +0 giant club!
You completely miss the two-headed ogre.
You claw the two-headed ogre!! The wyvern barely misses you.
A troll comes into view.
You reel with horror at the sight of these foes!
You barely miss the two-headed ogre.
The two-headed ogre hits you with a +0 giant spiked club!!
* * * LOW HITPOINT WARNING * * *
The two-headed ogre hits you with a +0 giant club!!
* * * LOW HITPOINT WARNING * * *
The wyvern closely misses you.
You hear a shout! x2
The wyvern attacks as you move away! The wyvern bites you!
* * * LOW HITPOINT WARNING * * *
Things that are here:
a +0 short sword; 7 poisoned darts; a kobold corpse
Aim: a two-headed ogre, wielding a +0 giant spiked club and a +0 giant club (heavily wounded, chance to affect: 31%)
The two-headed ogre easily resists.
A centaur comes into view.
The two-headed ogre hits you with a +0 giant spiked club!
* * * LOW HITPOINT WARNING * * *
The two-headed ogre hits you with a +0 giant club.
* * * LOW HITPOINT WARNING * * *
The centaur shouts!
You reel with horror at the sight of these foes!
Aim: a two-headed ogre, wielding a +0 giant spiked club and a +0 giant club (heavily wounded, chance to affect: 31%)
The two-headed ogre easily resists.
The now-empty wand crumbles to dust.
No previous command to re-do.
Okay, then.
You feel yourself speed up.
The two-headed ogre hits you with a +0 giant spiked club!!!
You die...

#.#...#######.....)).....#
#.##...........###..##.#.#
........................>#
#.##..#######..#...<...#.#
..#..## ##..########.#
....## ##. # #####
######### ##.#.....#
#.l#@))# # #O##.#.#
#cT#.#)#.# ##K#...).#
#####'### ##..#..##
##..#.#..## ##..#...#..##
#..#..#..#..#


You could see a two-headed ogre, a troll, a centaur and a kobold.

Vanquished Creatures
  A two-headed ogre (D:9)
  Erica (D:8)
  Pikel (D:6)
  Maggie (D:6)
  A troll (D:9)
  Grinder (D:3)
  A shadow (D:9)
  2 steam dragons
  Menkaure (D:6)
  An acid dragon (D:8)
  3 water moccasins
  2 sky beasts
  2 orc warriors
  3 ogres
  2 centaurs
  A phantom (D:4)
  2 kobold brigands
  5 bullfrogs
  A necrophage (D:5)
  2 scorpions (D:6)
  9 wights (D:7)
  A killer bee (D:9)
  A howler monkey (D:9)
  3 orc priests
  2 hounds
  A jelly (D:4)
  Jessica (D:2)
  An iguana (D:7)
  4 orc wizards
  5 gnolls
  15 adders
  5 river rats
  A white imp (D:4)
  2 worms
  2 dart slugs (D:1)
  27 orcs
  3 endoplasms
  A giant cockroach (D:4)
  7 goblins
  6 hobgoblins
  25 kobolds
  13 ball pythons
  8 bats
  6 frilled lizards
  23 rats
206 creatures vanquished.

Notes
Turn   | Place    | Note
-------+----------+-------------------------------------------
     0 | D:1      | vurker the Troll Enchanter began the quest for the Orb.
     0 | D:1      | Reached XP level 1. HP: 16/16 MP: 1/1
    59 | D:1      | Reached skill level 1 in Unarmed Combat
    59 | D:1      | Reached XP level 2. HP: 14/26 MP: 2/2
   206 | D:1      | Found a faded altar of an unknown god.
   274 | D:1      | Reached skill level 1 in Fighting
   274 | D:1      | Reached skill level 2 in Unarmed Combat
   565 | D:1      | Reached XP level 3. HP: 30/33 MP: 3/3
   883 | D:2      | Noticed Jessica
   896 | D:2      | Killed Jessica
   897 | D:2      | Reached skill level 3 in Unarmed Combat
   897 | D:2      | Reached XP level 4. HP: 23/41 MP: 4/4
  1518 | D:3      | Found Towielax's Antique Armour Shoppe.
  1523 | D:3      | Noticed Grinder
  1565 | D:3      | Paralysed by Grinder for 2 turns
  1570 | D:3      | Killed Grinder
  1571 | D:3      | Reached skill level 4 in Unarmed Combat
  1571 | D:3      | Reached XP level 5. HP: 30/50 MP: 5/5
  1571 | D:3      | Reached XP level 6. HP: 36/59 MP: 6/6
  1657 | D:3      | Reached skill level 5 in Unarmed Combat
  1823 | D:3      | Identified the +3 pair of gloves "Jubai" {MP+9}
  1932 | D:3      | Identified the +5 long sword of Desperation {pain, Fragile
                  | rC++ Dex+6}
  2155 | D:4      | Reached skill level 1 in Throwing
  2187 | D:4      | Found a glowing drain.
  2191 | Sewer    | Entered a sewer
  2270 | Sewer    | Reached XP level 7. HP: 65/67 MP: 7/7
  2449 | Sewer    | Reached skill level 6 in Unarmed Combat
  2654 | D:4      | Found Lesm's Weapon Emporium.
  2699 | D:4      | Found Nabeubee's General Store.
  2952 | D:4      | Found Hued Want's Jewellery Shoppe.
  3014 | D:4      | Found a shimmering altar of Xom.
  3300 | D:5      | Entered Level 5 of the Dungeon
  3426 | D:5      | Reached skill level 7 in Unarmed Combat
  3426 | D:5      | Reached XP level 8. HP: 19/78 MP: 8/8
  3821 | D:5      | Found a hide-covered altar of Uskayaw.
  3821 | D:5      | Noticed a +0 spear
  3822 | D:5      | Noticed a +0 falchion
  3823 | D:5      | Noticed a +0 short sword
  3823 | D:5      | Noticed a +0 spear
  3824 | D:5      | Noticed a +0 dagger
  3824 | D:5      | Noticed a +0 dagger
  3826 | D:5      | Noticed a +0 short sword
  3826 | D:5      | Noticed a +0 falchion
  4300 | D:6      | Noticed Pikel
  4316 | D:6      | Killed Pikel
  4317 | D:6      | Reached skill level 8 in Unarmed Combat
  4424 | D:6      | Noticed Menkaure
  4434 | D:6      | Killed Menkaure
  4497 | D:6      | Noticed Maggie
  4504 | D:6      | You fall into a shaft and drop 1 floor!
  4680 | D:6      | Reached XP level 9. HP: 71/87 MP: 9/9
  4750 | D:6      | Reached skill level 5 in Fighting
  4757 | D:6      | Identified the +6 plate armour of Demonic Beauty {Stlth+}
  4840 | D:6      | Killed Maggie
  4841 | D:6      | Reached skill level 9 in Unarmed Combat
  4979 | D:6      | Found a staircase to the Ecumenical Temple.
  5014 | Temple   | Entered the Ecumenical Temple
  5021 | Temple   | Became a worshipper of Ru the Awakened
  5281 | D:7      | Reached skill level 5 in Throwing
  5581 | D:7      | Reached skill level 10 in Unarmed Combat
  6150 | D:8      | Noticed Erica
  6162 | D:8      | Killed Erica
  6163 | D:8      | Reached XP level 10. HP: 34/98 MP: 10/10
  6304 | D:8      | Found a broken altar of Ashenzari.
  6310 | D:8      | Gained mutation: Your cowardice makes you less effective in
                  | combat with threatening foes. [Ru sacrifice]
  6310 | D:8      | Reached * piety under Ru
  6747 | D:9      | Found a staircase to the Orcish Mines.
  6769 | D:9      | Reached skill level 11 in Unarmed Combat
  6912 | D:9      | Noticed a two-headed ogre
  6921 | D:9      | Killed a two-headed ogre
  7012 | D:9      | Noticed a two-headed ogre
  7021 | D:9      | Annihilated by a two-headed ogre

Illustrated notes

Levels and vault maps discovered:
D:1:      tarquinn_simple_flora_water_d, layout_loops_ring, serial_forest,
          infiniplex_forest_clump_small, infiniplex_forest_clump_medium,
          infiniplex_forest_straight_4, infiniplex_forest_lined_2,
          infiniplex_forest_lined_room_, infiniplex_forest_straight_3,
          infiniplex_forest_clump_long, infiniplex_forest_lined_2,
          hellmonk_ecumenical_altar_heavens_door
D:2:      layout_loops_ring, serial_rivers, chequers_serial_rivers_large_a,
          chequers_serial_rivers_marsh, chequers_serial_rivers_marsh,
          chequers_serial_rivers_micro_c, uniq_jessica
D:3:      minmay_chambers_of_twos, layout_rooms, serial_shops, shop,
          chequers_hall_statues_corner_a, uniq_grinder
D:4:      layout_basic, mainiacjoe_overflow_concentric_impassable, serial_shops,
          kennysheep_mini_moat, shop, nicolae_shop_waterfront,
          gup_sewer_entry_bowl, guppyfry_early_lair_pool
D:5:      layout_basic, nicolae_uskayaw_en_pointe
D:6:      layout_cave_pools, temple_green, uniq_maggie, uniq_pikel,
          uniq_menkaure
D:7:      layout_loops_ring
D:8:      hellmonk_crumbling_castle, layout_loops_ring, lemuel_crystal_altar,
          uniq_erica
D:9:      minmay_the_grid_octo_tiled_squarecenter
          [minmay_the_grid_octo_clover_2, minmay_the_grid_octo_concentric,
          minmay_the_grid_octo_focus, minmay_the_grid_octo_thin_diamonds,
          minmay_the_grid_square_5x5_megaprize_open,
          minmay_the_grid_square_5x5_longway,
          minmay_the_grid_square_5x5_tri_point,
          minmay_the_grid_square_5x5_trominoes, minmay_the_grid_square_5x5_n],
          layout_basic, david_orc_2
Temple:   hellmonk_temple_of_storms

Skill      XL: |  1  2  3  4  5  6  7  8  9 10 |
---------------+-------------------------------+-----
Unarmed Combat | 1 2 3 4 5 7 8 10 11 | 11.5
Fighting       | 1 2 3 4 6 |  6.7
Throwing       | 1 2 4 5 6 |  6.6
Short Blades   | |  0.7
Dodging        | |  1.5
Stealth        | |  1.5
Spellcasting   | |  1.2
Hexes          | |  2.0

Action                   |  1- 3 |  4- 6 |  7- 9 | 10-12 || total
-------------------------+-------+-------+-------+-------++-------
Melee: Unarmed           |    76 |   171 |   300 |    76 ||   623
       Punch             |     1 |     2 |    11 |     4 ||    18
Throw: Dart              |       |     4 |     6 |       ||    10
Invok: Sacrifice Courage |       |       |       |     1 ||     1
Evoke: Wand              |       |       |       |     8 ||     8
  Use: Scroll            |       |     5 |    20 |       ||    25
       Potion            |       |       |       |     1 ||     1
 Stab: Sleeping          |     1 |     2 |     4 |     2 ||     9
       Paralysed         |       |       |       |     8 ||     8
Armor: Robe              |    18 |    73 |   104 |    20 ||   215
Dodge: Dodged            |    34 |    67 |   155 |    31 ||   287

Table legend: (Time is in decaauts)
 A = Elapsed time spent in this place.
 B = Non-inter-level travel time spent in this place.
 C = Inter-level travel time spent in this place.
 D = Time resting spent in this place.
 E = Time spent auto-exploring this place.
 F = Levels seen in this place.
 G = Mean time per level.
                   A        B        C        D        E       F      G
               +--------+--------+--------+--------+--------+-----+--------+
         Total |   7021 |   6732 |    289 |     63 |   5108 |  11 |  638.3 |
       Dungeon |   6562 |   6279 |    283 |     63 |   4879 |   9 |  729.1 |
        Temple |     14 |      8 |      6 |      0 |      0 |   1 |   14.0 |
         Sewer |    443 |    443 |      0 |      0 |    229 |   1 |  443.0 |
               +--------+--------+--------+--------+--------+-----+--------+

Top non-repeatable levels by time:
     D:5: 912 daAuts
     D:6: 878 daAuts
     D:2: 832 daAuts
     D:4: 823 daAuts
     D:8: 730 daAuts
     D:7: 684 daAuts
     D:1: 673 daAuts
     D:3: 620 daAuts
   Sewer: 443 daAuts
     D:9: 406 daAuts
  Temple: 14 daAuts
